 Dungeon Crawl Stone Soup version 0.16-a0-324-g99bef82 (webtiles) character file.

79 PolkaDot the Caller (level 4, -4/30 HPs)
             Began as a Vampire Summoner on Sept 3, 2014.
             Slain by an orc
             ... wielding a +0 hand axe
              (5 damage)
             ... on Level 3 of the Dungeon.
             The game lasted 00:07:32 (1956 turns).

PolkaDot the Caller (Vampire Summoner)              Turns: 1956, Time: 00:07:33

HP  -4/30        AC  2     Str  7      XL: 4   Next: 17%
MP   2/7         EV 12     Int 18      God:
Gold 28          SH  0     Dex 14      Spells:  3 memorised,  1 level left

rFire  . . .     SeeInvis +     i - +0 dagger
rCold  . . .     Clarity  .     a - +0 robe
rNeg   . . .     rCorr    .     (no shield)
rPois  .         rRot     .     (no helmet)
rElec  .         Spirit   .     (no cloak)
SustAb .         Warding  .     (no gloves)
rMut   .         Stasis   .     (no boots)
Gourm  .                        (no amulet)
MR     .....                    (no ring)
                                (no ring)

@: regenerating quickly, not resistant to hostile enchantments, unstealthy
A: fangs 3, see invisible, unbreathing
a: no special abilities


You were on level 3 of the Dungeon.
You were full.

You visited 1 branch of the dungeon, and saw 3 of its levels.

You collected 28 gold pieces.

Inventory:

Hand weapons
 i - a +0 dagger (weapon)
Armour
 a - a +0 robe (worn)
Magical devices
 k - a wand of random effects (6) {unknown}
Scrolls
 c - a scroll of fog {unknown}
 d - 2 scrolls of identify {unknown}
 g - 2 scrolls of amnesia {unknown}
 h - a scroll of remove curse {unknown}
 j - a scroll of teleportation {unknown}
 l - a scroll of random uselessness {unknown}
Jewellery
 f - an uncursed ring of ice {unknown}
Potions
 m - a potion of curing {unknown}
Books
 b - a book of Callings

   Spells                             Type                      Level
   *Summon Small Mammal               Summoning                    1
   *Call Imp                          Summoning                    2
   *Call Canine Familiar              Summoning                    3
   Summon Guardian Golem              Hexes/Summoning              4
   Summon Lightning Spire             Summoning/Air                4
   Summon Ice Beast                   Ice/Summoning                4


   Skills:
 - Level 2.1 Dodging
 - Level 3.0 Stealth
 - Level 2.0 Spellcasting
 + Level 5.7 Summonings


You had one spell level left.
You knew the following spells:

 Your Spells              Type           Power        Failure   Level  Hunger
a - Summon Small Mammal   Summ           ###.         1%          1    #......
d - Call Canine Familiar  Summ           ###.....     6%          3    ####...
s - Call Imp              Summ           ###.....     2%          2    ##.....


Dungeon Overview and Level Annotations

Branches:
Dungeon (3/15)

Altars:


Innate Abilities, Weirdness & Mutations

Your natural rate of healing is unusually fast.
You have razor-sharp teeth.
You have supernaturally acute eyesight.
You can survive without breathing.


Message History

* * * LOW HITPOINT WARNING * * *
You hit the orc.
The orc is moderately wounded.
The orc hits you with a hand axe.
* * * LOW HITPOINT WARNING * * *
You barely miss the orc.
The orc is moderately wounded.
The orc closely misses you.
You barely miss the orc. You bite the orc, but do no damage.
The orc is moderately wounded.
The orc wizard casts a spell.
The orc wizard flickers and vanishes for a moment.
The orc hits you but does no damage.
The orc priest calls down the wrath of Beogh upon you.
Something smites you!
* * * LOW HITPOINT WARNING * * *
Drink which item? (? for menu, Esc to quit)
You feel magically purged.
It was a potion of cancellation.
The orc hits you with a hand axe.
You die...

###
.g.
#o#
#o#
#o#
#o#
#@#
#5#
#5#
#5#
#.#
#.#
#.#
#.#
###
#.#
#..


You could see an orc priest, an orc wizard (invisible), 2 orcs, a goblin, a
friendly iron imp, a friendly crimson imp and a friendly white imp.

Vanquished Creatures
  2 adders (D:2)
  A giant mite (D:2)
  4 goblins
  3 hobgoblins (D:1)
  A ball python (D:2)
  5 bats
  2 giant cockroaches
  A giant gecko (D:2)
  2 giant newts
  2 jackals (D:2)
  2 kobolds
  9 rats
34 creatures vanquished.

Vanquished Creatures (collateral kills)
  Terence (D:2)
  2 worms (D:2)
  3 giant geckos
  An ooze (D:2)
  A goblin (D:2)
  A hobgoblin (D:1)
  A bat (D:1)
  A giant newt (D:1)
  A kobold (D:1)
  A rat (D:2)
13 creatures vanquished.

Vanquished Creatures (others)
  2 bats (D:1)
  A rat (D:1)
3 creatures vanquished.

Grand Total: 50 creatures vanquished

Notes
Turn   | Place    | Note
--------------------------------------------------------------
     0 | D:1      | PolkaDot, the Vampire Summoner, began the quest for the Orb.
     0 | D:1      | Reached XP level 1. HP: 13/13 MP: 3/3
   271 | D:1      | Reached XP level 2. HP: 11/19 MP: 1/4
   814 | D:2      | Learned a level 2 spell: Call Imp
   840 | D:2      | Reached skill level 5 in Summonings
   843 | D:2      | Reached XP level 3. HP: 24/24 MP: 6/6
  1211 | D:2      | Noticed Terence
  1282 | D:2      | HP: 1/24 [Terence/glowing morningstar (1)]
  1284 | D:2      | Killed Terence
  1484 | D:2      | Reached XP level 4. HP: 28/30 MP: 7/7
  1490 | D:2      | Learned a level 3 spell: Call Canine Familiar
  1955 | D:3      | HP: 1/30 [orc priest/divine providence (12)]
  1956 | D:3      | Slain by an orc

Action                   |  1- 3 |  4- 6 || total
-------------------------+-------+-------++-------
Melee: Unarmed           |    79 |       ||    79
       Dagger            |    53 |    38 ||    91
 Cast: Summon Small Mamm |    21 |       ||    21
       Call Imp          |     8 |     6 ||    14
  Use: Potion            |     1 |     1 ||     2
 Stab: Sleeping          |     7 |     3 ||    10
       Distracted        |     1 |       ||     1
  Eat: Corpse            |    14 |     1 ||    15
